 Dungeon Crawl Stone Soup version 0.25-a0-280-gfa4545f (webtiles) character file.

Game seed: 401282216802041385, levelgen mode: deterministic

238 silenth the Ruffian (level 6, 0/43 HPs)
             Began as an Octopode Fighter on Dec 10, 2019.
             Slain by an orc wizard
             ... wielding a +0 dagger
              (1 damage)
             ... on level 3 of the Dungeon.
             The game lasted 00:02:26 (1759 turns).

silenth the Ruffian (Octopode Fighter)              Turns: 1759, Time: 00:02:27

Health: 0/43       AC:  1    Str: 21    XL:     6   Next: 7%
Magic:  6/6        EV: 11    Int: 12    God:
Gold:   74         SH:  9    Dex: 11    Spells: 5/5 levels left

rFire    . . .     SeeInvis .     - Unarmed
rCold    . . .     Gourm    .   a - +0 shield
rNeg     . . .     Faith    .   (helmet restricted)
rPois    .         Spirit   .   i - amulet of regeneration
rElec    .         Reflect  .   (no ring)
rCorr    .         Harm     .   (no ring)
MR       .....                  (no ring)
Stlth    +++.......             (no ring)
HPRegen  0.54/turn              (no ring)
MPRegen  0.10/turn              (no ring)
                                (no ring)
                                (no ring)

@: mighty, slowed, very slow
A: almost no armour, stealthy swim, amphibious, 8 rings, constrict 8, camouflage
1, gelatinous body 1
a: no special abilities


You were on level 3 of the Dungeon.
You were not hungry.

You visited 1 branch of the dungeon, and saw 3 of its levels.

You collected 74 gold pieces.

Inventory:

Armour
 a - a +0 shield (worn)
Jewellery
 i - an amulet of regeneration (around mantle)
Scrolls
 d - 5 scrolls of enchant weapon {unknown}
 f - 2 scrolls of teleportation {unknown}
 h - 2 scrolls of blinking {unknown}
 n - a scroll of immolation {unknown}
 p - a scroll of fear {unknown}
 r - 3 scrolls of identify {unknown}
 u - 2 scrolls of remove curse {unknown}
 v - a scroll of random uselessness {unknown}
Potions
 c - a potion of cancellation {unknown}
 g - a potion of haste {unknown}
 j - a potion of curing {unknown}
 k - 2 potions of degeneration {unknown}
 l - a potion of ambrosia {unknown}
 m - a potion of flight {unknown}
 o - a potion of lignification {unknown}
 s - a potion of heal wounds {unknown}
 t - a potion of magic {unknown}
Comestibles
 e - 2 rations
 q - 3 chunks of flesh


   Skills:
 + Level 4.1 Fighting
 - Level 3.0 Dodging
 + Level 3.8 Stealth
 - Level 3.0 Shields
 * Level 4.5 Unarmed Combat


You had 5 spell levels left.
You didn't know any spells.
Your spell library was empty.

Dungeon Overview and Level Annotations

Branches:
Dungeon (3/15)

Altars:


Innate Abilities, Weirdness & Mutations

You cannot wear most types of armour.
You are very stealthy in the water. (Stealth+)
You are amphibious.
You can wear up to eight rings at the same time.
You can use your tentacles to constrict eight enemies at once.
Your skin changes colour to match your surroundings (Stealth+).
Your rubbery body absorbs attacks. (AC +1, EV +1)


Message History

You squeeze the orc wizard!
You kill the orc wizard!
You have reached level 6!
Your experience leads to an increase in your attributes!
Your base attributes are Str 16, Int 11, Dex 11.
Increase (S)trength, (I)ntelligence, or (D)exterity?
You feel clever. You block the orc's attack. You block the goblin's attack.
The goblin hits you with a +0 dagger.
* * * LOW HITPOINT WARNING * * *
The orc hits you with a +0 whip!
* * * LOW HITPOINT WARNING * * *
You tentacle-slap the orc. You grab the orc. You squeeze the orc.
You kill the orc!
The goblin hits you with a +0 dagger.
* * * LOW HITPOINT WARNING * * *
You block the goblin's attack. You block the orc's attack.
The giant cockroach closely misses you.
The orc wizard hits you with a +0 dagger.
You die...

#........#.#...###.##....
......#..#.##.#.........#
#.........##.#.####.####
.##....####.#.# .# #
###.## #.... # #.####.#
###.## #......#######..
####........##.# ..####
#..g@o##o##.# #.....
#..gos# <.# ......
#.....)..# #.....
#.....##....# ..####
#...... ##.# # # #.$.....
#.# # #.#####.###.. # ..
......###### # .. .#
#.......###


You could see an orc wizard, an orc, a giant cockroach and 2 goblins.

Vanquished Creatures
  A scorpion (D:3)
  An orc priest (D:3)
  An orc wizard (D:3)
  4 adders
  2 worms (D:2)
  2 dart slugs
  3 leopard geckos
  6 orcs (D:3)
  9 bats
  2 giant cockroaches
  7 hobgoblins
  3 jackals (D:1)
  11 kobolds
  A quokka (D:2)
  A ball python (D:2)
  A frilled lizard (D:2)
  12 goblins
  12 rats
79 creatures vanquished.

Notes
Turn   | Place    | Note
-------+----------+-------------------------------------------
     0 | D:1      | silenth the Octopode Fighter began the quest for the Orb.
     0 | D:1      | Reached XP level 1. HP: 16/16 MP: 1/1
   196 | D:1      | Reached skill level 1 in Stealth
   196 | D:1      | Reached XP level 2. HP: 21/21 MP: 2/2
   375 | D:1      | Reached XP level 3. HP: 15/26 MP: 3/3
   769 | D:2      | Reached skill level 3 in Unarmed Combat
   850 | D:2      | Reached skill level 2 in Stealth
   867 | D:2      | Reached XP level 4. HP: 23/31 MP: 4/4
  1481 | D:3      | Reached skill level 3 in Stealth
  1481 | D:3      | Reached XP level 5. HP: 29/37 MP: 5/5
  1520 | D:3      | Reached skill level 4 in Unarmed Combat
  1586 | D:3      | Reached skill level 4 in Fighting
  1758 | D:3      | Reached XP level 6. HP: 11/43 MP: 6/6
  1758 | D:3      | HP: 1/43 [orc/+0 whip (7)]
  1759 | D:3      | Slain by an orc wizard

Levels and vault maps discovered:
D:1:      eino_arrival_cavern_d, layout_rooms
D:2:      layout_loops_ring, minmay_guardbox
D:3:      layout_loops_cross, serial_glass, glass_columns_c, glass_columns_a,
          glass_columns_a

Skill      XL: |  1  2  3  4  5 |
---------------+----------------+-----
Stealth        | 1 2 3 |  3.8
Unarmed Combat | 3 4 |  4.5
Fighting       | 4 |  4.1
Dodging        | |  3.0
Shields        | |  3.0

Action                   |  1- 3 |  4- 6 || total
-------------------------+-------+-------++-------
Melee: Unarmed           |    86 |    73 ||   159
       Tentacles         |    18 |    16 ||    34
       Constrict         |    24 |    26 ||    50
  Use: Potion            |       |     2 ||     2
 Stab: Sleeping          |     4 |     7 ||    11
  Eat: Chunk             |       |     3 ||     3
Armor: Skin              |     5 |     4 ||     9
Dodge: Dodged            |    34 |    24 ||    58
Block: Shield            |    32 |    28 ||    60

Table legend:
 A = Non-vault XP
 B = Vault XP
 C = Vault XP percentage of total XP
 D = Non-vault monster count
 E = Vault monster count
 F = Vault count percentage of total count
                 A         B        C        D         E       F
            +---------+---------+-------+---------+---------+-------
      Total |     308 |      33 |   9.7 |      68 |      11 |  13.9
            +---------+---------+-------+---------+---------+-------
        D:1 |      49 |       0 |   0.0 |      29 |       0 |   0.0
        D:2 |      51 |      33 |  39.3 |      20 |      11 |  35.5
        D:3 |     208 |       0 |   0.0 |      19 |       0 |   0.0
            +---------+---------+-------+---------+---------+-------
